 Dungeon Crawl Stone Soup version 0.29-a0-187-ga23d9638d5 (webtiles) character file.

Game seed: 13916923929621033452

60 cyrus the Skirmisher (level 4, -2/40 HPs)
             Began as a Hill Orc Monk on Feb 21, 2022.
             Succumbed to a kobold's poison
             ... on level 2 of the Dungeon.
             The game lasted 00:03:37 (2443 turns).

cyrus the Skirmisher (Hill Orc Monk)                Turns: 2443, Time: 00:03:38

Health: -2/40      AC:  5    Str: 13    XL:     4   Next: 4%
Magic:  4/4        EV: 11    Int: 12    God:
Gold:   21         SH:  0    Dex: 13    Spells: 3/3 levels left

rFire   . . .      SeeInvis .   k - +2 flail (protect)
rCold   . . .      Faith    .   (no shield)
rNeg    . . .      Spirit   .   g - +0 ring mail
rPois   .          Reflect  .   (no helmet)
rElec   .          Harm     .   (no cloak)
rCorr   .          Rampage  .   (no gloves)
Will    .....                   (no boots)
Stlth   +.........              (no amulet)
HPRegen 0.13/turn               (no ring)
MPRegen 0.09/turn               (no ring)

@: lethally poisoned (-2 -> -15)
A: no striking features
a: no special abilities


You were on level 2 of the Dungeon.
You visited 1 branch of the dungeon, and saw 2 of its levels.

You collected 21 gold pieces.

Inventory:

Hand Weapons
 a - a +0 spear
 k - a +2 flail of protection (weapon)
Armour
 b - a +0 robe
 d - a +0 leather armour
 g - a +0 ring mail (worn)
Jewellery
 f - a ring of fire
Scrolls
 h - a scroll of magic mapping {unknown}
 i - a scroll of identify {unknown}
Potions
 c - 2 potions of invisibility {unknown}
 e - a potion of brilliance {unknown}
 j - a potion of lignification {unknown}


   Skills:
 + Level 4.1 Fighting
 + Level 0.1 Maces & Flails
 + Level 4.1 Polearms
 + Level 0.9 Armour
 + Level 2.9 Dodging
 + Level 1.8 Stealth


You had 3 spell levels left.
You didn't know any spells.
Your spell library was empty.

Dungeon Overview and Level Annotations

Branches:
Dungeon (2/15)

Altars:

Shops:
D:1 (


Message History

You sock the hobgoblin!
Your weapon exudes an aura of protection.
You kill the hobgoblin!
You now have 21 gold pieces (gained 6).
A ball python and a kobold come into view.
The kobold is wielding a +1 short sword of venom.
The kobold shouts!
You barely miss the kobold. The kobold completely misses you.
The kobold closely misses you.
You barely miss the kobold.
The kobold hits you with a +1 short sword of venom.
You closely miss the kobold. The kobold misses you.
You barely miss the kobold. The kobold completely misses you.
The kobold hits you with a +1 short sword of venom.
You closely miss the kobold. The kobold barely misses you.
You closely miss the kobold. The kobold misses you.
The kobold barely misses you.
You barely miss the kobold. The kobold hits you but does no damage.
You are poisoned.
You hit the kobold.
Your weapon exudes an aura of protection.
The kobold is moderately wounded.
You feel very sick. The kobold hits you but does no damage.
You are more poisoned.
You closely miss the kobold.
The kobold is moderately wounded.
You feel very sick.
The kobold hits you with a +1 short sword of venom.
You are more poisoned.
The kobold hits you with a +1 short sword of venom.
You are more poisoned.
You feel extremely sick.
* * * LOW HITPOINT WARNING * * *
You feel very sick.
* * * LOW HITPOINT WARNING * * *
You feel very sick.
* * * LOW HITPOINT WARNING * * *
You feel very sick.
You die...

##.#.## ##
##.#.## ##.#
##.#.## #.#.#
##.#.# #.#.#
##.#.## #.#.#
##.#.##
#.#.##
##.#.##
#.#.##
##.#.##
##.#.###@#.##
##.#.#.#.##
##.#K#.##
##.#.## ##.##
###


You could see a kobold.

Vanquished Creatures
  A gnoll (D:1)
  A dart slug (D:1)
  A bat (D:1)
  7 endoplasms (D:1)
  A giant cockroach (D:1)
  6 goblins
  6 hobgoblins
  2 kobolds
  4 quokkas
  3 ball pythons (D:1)
  3 frilled lizards
  6 rats (D:1)
41 creatures vanquished.

Notes
Turn   | Place    | Note
-------+----------+-------------------------------------------
     0 | D:1      | cyrus the Hill Orc Monk began the quest for the Orb.
     0 | D:1      | Reached XP level 1. HP: 19/19 MP: 1/1
   719 | D:1      | Reached XP level 2. HP: 24/27 MP: 2/2
   819 | D:1      | Found Uvvantojoe's Antique Weapon Boutique.
  1231 | D:1      | Reached XP level 3. HP: 24/33 MP: 3/3
  2396 | D:2      | Reached XP level 4. HP: 40/40 MP: 4/4
  2442 | D:2      | HP: 1/40 [poisoned by a kobold]
  2443 | D:2      | Succumbed to a kobold's poison

Illustrated notes

Levels and vault maps discovered:
D:1:      ebering_trefoil_twist, layout_loops_ring, serial_shops,
          nicolae_shop_hallway_plus
D:2:      minmay_inner_zag, layout_basic

Skill      XL: |  1  2  3 |
---------------+----------+-----
Fighting       | 4 |  4.1
Polearms       | 4 |  4.1
Maces & Flails | |  0.1
Armour         | |  0.9
Dodging        | |  2.9
Stealth        | |  1.8

Action                   |  1- 3 |  4- 6 || total
-------------------------+-------+-------++-------
Melee: Spear             |   107 |       ||   107
       Flail             |    11 |    13 ||    24
       Punch             |     2 |       ||     2
 Stab: Sleeping          |     2 |       ||     2
Armor: Leather armour    |     4 |       ||     4
       Robe              |     3 |       ||     3
       Ring mail         |    31 |     4 ||    35
Dodge: Dodged            |    66 |     9 ||    75

Table legend: (Time is in decaauts)
 A = Elapsed time spent in this place.
 B = Non-inter-level travel time spent in this place.
 C = Inter-level travel time spent in this place.
 D = Time resting spent in this place.
 E = Time spent auto-exploring this place.
 F = Levels seen in this place.
 G = Mean time per level.
                   A        B        C        D        E       F      G
               +--------+--------+--------+--------+--------+-----+--------+
         Total |   2442 |   2432 |     10 |    874 |   1077 |   2 | 1221.0 |
       Dungeon |   2442 |   2432 |     10 |    874 |   1077 |   2 | 1221.0 |
               +--------+--------+--------+--------+--------+-----+--------+

Top non-repeatable levels by time:
     D:1: 1878 daAuts
     D:2: 564 daAuts
